 Dungeon Crawl Stone Soup version 0.29-a0-308-g4e025c60ea (webtiles) character file.

Game seed: 8611351894106885378

13 EnegeticOcto the Insei (level 2, 0/23 HPs)
             Began as a Djinni Warper on Mar 28, 2022.
             Slain by a kobold
             ... wielding a +0 short sword
              (1 damage)
             ... on level 1 of the Dungeon.
             The game lasted 00:00:42 (161 turns).

EnegeticOcto the Insei (Djinni Warper)               Turns: 161, Time: 00:00:43

Health: 0/23       AC:  3    Str: 10    XL:     2   Next: 50%
Gold:   0          EV: 11    Int: 14    God:
                   SH:  0    Dex: 12

rFire   + + .      SeeInvis .     - Unarmed
rCold   x . .      Faith    .   (no shield)
rNeg    . . .      Spirit   .   a - +0 leather armour
rPois   ∞          Reflect  .   (no helmet)
rElec   .          Harm     .   (no cloak)
rCorr   .          Rampage  .   (no gloves)
Will    .....                   (boots unavailable)
Stlth   +.........              (no amulet)
HPRegen 0.07/turn               (no ring)
MPRegen 0.00/turn               (no ring)

@: flying
A: sickness immunity, fire resistance 2, cold vulnerability 1, float, innate
caster, HP casting, extra vitality 1
a: no special abilities


You were on level 1 of the Dungeon.
You visited 1 branch of the dungeon, and saw 1 of its levels.

Inventory:

Hand Weapons
 d - a +0 mace
   (You found it on level 1 of the Dungeon)
Missiles
 c - 6 boomerangs of dispersal (quivered)
Armour
 a - a +0 leather armour (worn)
Scrolls
 b - a scroll of blinking {@r4}
 e - a scroll of teleportation {unknown}


   Skills:
 - Level 2.0 Fighting
 - Level 0.7 Throwing
 - Level 1.0 Armour
 - Level 2.1 Dodging
 + Level 3.0 Unarmed Combat
 - Level 2.4 Spellcasting


You couldn't memorise any spells.
You knew the following spells:

 Your Spells              Type           Power      Damage    Failure   Level
a - Lesser Beckoning      Tloc           8%         N/A       34%         3
b - Gell's Gravitas       Tloc           8%         N/A       34%         3
c - Teleport Other        Tloc           8%         N/A       34%         3
d - Manifold Assault      Tloc           8%         N/A       97%         5
Y - Blink                 Tloc           16%        N/A       17%         2
Your spell library was empty.

Dungeon Overview and Level Annotations

Branches:
Dungeon (1/15)

Altars:


Innate Abilities, Weirdness & Mutations

You are immune to sickness and miasma.
You are immune to poison.
Your flesh is very heat resistant. (rF++)
You are vulnerable to cold. (rC-)
You float through the air rather than walking.
You learn spells naturally, not from books.
Your magical power is your life essence.
You have superior vitality. (+4 MHP)


Message History

You swing at nothing.
You swing at nothing.
You swing at nothing.
You swing at nothing.
You swing at nothing.
You swing at nothing.
You swing at nothing.
You swing at nothing.
You swing at nothing.
You swing at nothing.
You swing at nothing.
You swing at nothing.
You swing at nothing.
You swing at nothing.
You swing at nothing.
You swing at nothing.
You swing at nothing.
You swing at nothing.
You swing at nothing.
You swing at nothing.
You swing at nothing.
You swing at nothing.
You swing at nothing.
You swing at nothing.
You swing at nothing.
You swing at nothing.
You swing at nothing.
You swing at nothing.
You are now empty-handed.
Found a scroll labelled QUIGUAK FUARA.
Found a stone staircase leading down.
A bat comes into view.
e - a scroll labelled QUIGUAK FUARA You reach down and open the door.
A rat comes into view.
There is an open door here.
A rat comes into view.
The bat barely misses you. The bat hits you but does no damage.
The bat hits you but does no damage.
You closely miss the bat. Your punch misses the bat.
The bat closely misses you. The bat barely misses you.
You miss the bat. The bat misses you. The rat closely misses you.
You hit the rat.
You kill the rat!
The bat closely misses you.
You barely miss the rat. The bat closely misses you.
The rat closely misses you.
You hit the rat.
You kill the rat!
You closely miss the bat. The bat closely misses you.
The bat hits you but does no damage.
You see here a rat corpse.
You hit the bat.
You kill the bat!
You see here a bat corpse.
You reach down and open the door.
A rat and an endoplasm come into view.
Found Great Wizards, Vol.
VII.
A goblin comes into view. It is wielding a +0 club.
The rat bites you.
There is an open door here.
You barely miss the rat.
The goblin shouts!
The rat barely misses you.
You barely miss the rat. The rat bites you but does no damage.
You hit the rat.
You kill the rat!
You hit the goblin.
You kill the goblin!
You hit the endoplasm but do no damage. The endoplasm hits you.
You hit the endoplasm.
The endoplasm is severely wounded.
The endoplasm closely misses you.
You hit the endoplasm.
The endoplasm is almost dead.
The endoplasm freezes you.
You are frozen.
You feel a terrible chill!
* * * LOW HITPOINT WARNING * * *
You hit the endoplasm.
You kill the endoplasm!
Your Unarmed Combat skill increases to level 3!
There is an open door here.
You see here a +0 club.
A kobold comes into view. It is wielding a +0 short sword.
Found a sedimented pink potion.
The kobold shouts!
Throw: 7 boomerangs (disperse)
Press: ? - help, Q - select action, (/) - cycle Shift-Dir - straight line, f - kobold
Aim: a kobold, wielding a +0 short sword (50% to hit)
You throw a boomerang of dispersal.
The boomerang of dispersal closely misses the kobold.
Found a leather armour.
You completely miss the kobold. The kobold closely misses you.
You barely miss the kobold.
The kobold hits you with a +0 short sword.
* * * LOW HITPOINT WARNING * * *
You hit the kobold.
The kobold is severely wounded.
The kobold hits you with a +0 short sword.
You die...

### #.. ..#
############.#######.#
..........##.#.....#.#
..........##.##.##.#.#
..........##.##.#.†#.#
......K:..##.##.#†.#.#
.......@..##.##.#..#'###
..........).....>.......
..!.......##.#..#.......
..........##.#..#.......
..........##.#..#.......
..........##.#..####.###
..........##.#... #.#
[.........##.#.### #.#
.........##.#.## #.#


You could see a kobold.

Vanquished Creatures
  A bat (D:1)
  2 endoplasms (D:1)
  4 jackals (D:1)
  A goblin (D:1)
  4 rats (D:1)
12 creatures vanquished.

Notes
Turn   | Place    | Note
-------+----------+-------------------------------------------
     0 | D:1      | EnegeticOcto the Djinni Warper began the quest for the Orb.
     0 | D:1      | Reached XP level 1. HP: 18/18 MP: 0/0
    41 | D:1      | Reached XP level 2. HP: 1/23 MP: 0/0
   154 | D:1      | Reached skill level 3 in Unarmed Combat
   160 | D:1      | HP: 1/23 [kobold/+0 short sword (4)]
   161 | D:1      | Slain by a kobold

Illustrated notes

Levels and vault maps discovered:
D:1:      dpeg_arrival_stone_temple_mockup, layout_basic,
          shapermc_ecumenical_altar_ellora

Skill      XL: |  1  2 |
---------------+-------+-----
Unarmed Combat | 3 |  3.0
Fighting       | |  2.0
Throwing       | |  0.7
Armour         | |  1.0
Dodging        | |  2.1
Spellcasting   | |  2.4

Action                   || total
-------------------------++-------
Melee: Unarmed           ||    47
Throw: Boomerang         ||     1
Armor: Leather armour    ||    12
Dodge: Dodged            ||    26

Table legend: (Time is in decaauts)
 A = Elapsed time spent in this place.
 B = Non-inter-level travel time spent in this place.
 C = Inter-level travel time spent in this place.
 D = Time resting spent in this place.
 E = Time spent auto-exploring this place.
 F = Levels seen in this place.
 G = Mean time per level.
                   A        B        C        D        E       F      G
               +--------+--------+--------+--------+--------+-----+--------+
         Total |    175 |    175 |      0 |      0 |      0 |   1 |  175.0 |
       Dungeon |    175 |    175 |      0 |      0 |      0 |   1 |  175.0 |
               +--------+--------+--------+--------+--------+-----+--------+

Top non-repeatable levels by time:
     D:1: 175 daAuts
